 Dungeon Crawl Stone Soup version 0.29-a0-41-g89e12c0570 (webtiles) character file.

Game seed: 820120164902174838

10971 Grim the Basher (level 11, -3/93 (110) HPs)
             Began as a Minotaur Fighter on Feb 2, 2022.
             Was a High Priest of Zin.
             Slain by a minotaur (15 damage)
             ... in a Gauntlet.
             The game lasted 00:18:38 (13812 turns).

Grim the Basher (Minotaur Fighter)                 Turns: 13812, Time: 00:18:39

HP:   -3/93 (110)   AC: 15    Str: 20    XL:     11   Next: 43%
MP:   16/16         EV:  5    Int:  7    God:    Zin [*****.]
Gold: 638           SH:  5    Dex: 13    Spells: 10/10 levels left

rFire   . . .      SeeInvis +   U - +0 morningstar (flame)
rCold   . . .      Faith    .   c - +0 buckler
rNeg    . . .      Spirit   .   T - +0 plate armour
rPois   .          Reflect  .   (helmet restricted)
rElec   .          Harm     .   f - +0 cloak
rCorr   .          Rampage  .   z - +0 pair of gloves
Will    +....      NoTele   +   Q - +0 pair of boots
Stlth   ..........              (no amulet)
HPRegen 0.25/turn               x - ring of see invisible
MPRegen 0.15/turn               K - ring of willpower

@: hasted, heavily drained, invisible, very quick
A: horns 2, retaliatory headbutt
a: Renounce Religion, Recite, Vitalisation, Imprison, Sanctuary, Donate Gold


You were in a Gauntlet.
You worshipped Zin.
Zin was extremely pleased with you.
You visited 2 branches of the dungeon, and saw 12 of its levels.
You also visited: Gauntlet.

You collected 708 gold pieces.
You donated 70 gold pieces to Zin.

Inventory:

Hand Weapons
 a - a +0 flail
 w - a +3 flail of freezing
 U - a +0 morningstar of flaming (weapon)
Missiles
 e - 386 stones (quivered)
 D - a curare-tipped dart
 E - 15 boomerangs
 J - 11 poisoned darts
 N - 2 atropa-tipped darts
Armour
 c - a +0 buckler (worn)
 f - a +0 cloak (worn)
 h - a +2 tower shield
 p - the +3 pair of seven-league boots {Rampage+∞}
   (You found it in a Gauntlet)

   Its wearer moves as far as possible in that direction when moving towards
   enemies.
 v - a +0 chain mail
 z - a +0 pair of gloves (worn)
 Q - a +0 pair of boots (worn)
 T - a +0 plate armour (worn)
Jewellery
 x - a ring of see invisible (left hand)
 B - a ring of flight
 K - a ring of willpower (right hand)
 W - an amulet of magic regeneration
 Y - the ring "Qauthrergh" {Fly rC++ Int+3}
   (You found it in a Gauntlet)

   [ring of flight]

   Int:       It affects your intelligence (+3).
   rC:        It greatly protects you from cold.
   Fly:       It grants you flight.
Wands
 d - a wand of paralysis (3)
 G - a wand of polymorph (19)
 S - a wand of digging (6)
Scrolls
 b - a scroll of immolation {unknown}
 i - 3 scrolls of magic mapping {unknown}
 k - 5 scrolls of noise
 m - a scroll of brand weapon {unknown}
 o - a scroll of enchant weapon {unknown}
 q - 5 scrolls of teleportation {unknown}
 r - a scroll of silence {unknown}
 s - a scroll of acquirement {unknown}
 y - 4 scrolls of fear {unknown}
 C - 2 scrolls of blinking {unknown}
 F - 4 scrolls of vulnerability {unknown}
 L - 2 scrolls of fog {unknown}
 O - 3 scrolls of torment {unknown}
 P - a scroll of summoning {unknown}
 R - a scroll of enchant armour {unknown}
Potions
 g - 3 potions of mutation {!q}
 j - 2 potions of heal wounds
 n - 3 potions of invisibility
 t - 5 potions of flight
 u - a potion of resistance
 A - 2 potions of lignification
 H - 2 potions of curing
 I - a potion of attraction
 V - a potion of cancellation
Miscellaneous
 M - a phantom mirror
 X - a tin of tremorstones (2/2)


   Skills:
 - Level 14.0 Fighting
 - Level 14.0 Maces & Flails
 * Level 3.6 Armour
 - Level 3.6 Shields
 + Level 8.1 Invocations


You had 10 spell levels left.
You didn't know any spells.
Your spell library contained the following spells:

 Spells                   Type           Power      Damage    Failure   Level
 Animate Skeleton         Necr           0%         N/A       100%        1
 Foxfire                  Conj/Fire      0%         2x1d4     100%        1
 Magic Dart               Conj           0%         1d3       100%        1
 Sting                    Tmut/Pois      0%         1d3       100%        1
 Blink                    Tloc           0%         N/A       100%        2
 Poisonous Vapours        Pois/Air       0%         N/A       100%        2
 Scorch                   Fire           0%         2d5       100%        2
 Searing Ray              Conj           0%         2d4       100%        2
 Conjure Flame            Conj/Fire      0%         6-21      100%        3
 Ignite Poison            Fire/Tmut/Pois 0%         N/A       100%        3
 Flame Wave               Conj/Fire      0%         2d4       100%        4
 Fulminant Prism          Conj/Hex       0%         3d6       100%        4
 Olgreb's Toxic Radiance  Pois           0%         N/A       100%        4
 Sticky Flame             Conj/Fire      0%         2d3       100%        4
 Manifold Assault         Tloc           0%         N/A       100%        5
 Summon Cactus Giant      Summ           0%         N/A       100%        6
 Storm Form               Tmut/Air       0%         N/A       100%        7


Dungeon Overview and Level Annotations

Branches:
Dungeon (11/15)            Temple (1/1) D:6            Lair (0/6) D:10
    Orc (0/2) D:10        Gauntlet (1/1)

Altars:
Ashenzari
Cheibriados
Dithmenos
Elyvilon
Fedhas
Gozag
Hepliaklqana
Kikubaaqudgha
Makhleb
Nemelex Xobeh
Okawaru
Qazlal
Ru
Sif Muna
Trog
Uskayaw
Vehumet
Wu Jian
Xom
Yredelemnul
Zin
The Shining One
Beogh

Shops:
D:7 *

Annotations:
Gauntlet 1 runed translucent door, 6 transporters


Innate Abilities, Weirdness & Mutations

You have a pair of horns on your head.
You reflexively headbutt those who attack you in melee.


Message History

You impale the minotaur!! You burn the minotaur!
You headbutt the minotaur, but do no damage.
The minotaur is heavily wounded.
The minotaur hits you with a +6 short sword of draining!!
* * * LOW HITPOINT WARNING * * *
You feel drained.
* * * LOW HITPOINT WARNING * * *
The minotaur gores you!
* * * LOW HITPOINT WARNING * * *
You feel yourself speed up. You block the minotaur's attack.
The minotaur gores you.
* * * LOW HITPOINT WARNING * * *
You feel much better.
The minotaur hits you but does no damage.
You feel drained. You block the minotaur's attack.
You hit the minotaur. You burn the minotaur.
The minotaur is severely wounded.
You hit the minotaur but do no damage.
The minotaur is severely wounded.
The minotaur hits you but does no damage.
You feel drained. The minotaur gores you!
* * * LOW HITPOINT WARNING * * *
You strike the helpless minotaur from behind!
You sock the minotaur! You burn the minotaur.
Your headbutt misses the minotaur.
The minotaur is almost dead.
You barely miss the minotaur. Your headbutt misses the minotaur.
The minotaur is almost dead.
The minotaur hits you with a +6 short sword of draining!!
* * * LOW HITPOINT WARNING * * *
You feel drained.
* * * LOW HITPOINT WARNING * * *
The minotaur gores you but does no damage.
You closely miss the minotaur.
The minotaur is almost dead.
Unknown command.
You completely miss the minotaur.
The minotaur is almost dead.
The minotaur hits you with a +6 short sword of draining!
You die...

########.8.#≈≈.#.####
#..... ....##≈.#.....
##.##.###.8.###.####©.
#8..........##..#.[=#.
#.....#.#.8.#...##[.#.
#######.#.#...#.∩.#©#.#u
[8|8.8#...#.©.#...######
......H.###...#.8.....#.
}8[8.8#@..#.©.#...######
#######.#.#...#.∩.#.....
#.....#.#.8.#...#.##.#
#8..........##..#[##.^
##.##.###.8.###.#©#.©.
#. ... ....##≈.#..^.# #
### #.8.#≈≈.####.#
#...##≈.###... ##.######


You could see a minotaur.

Vanquished Creatures
  2 two-headed ogres (D:9)
  A wizard (Gauntlet)
  Pikel (D:7)
  A shining eye (Gauntlet)
  Maggie (D:9)
  3 kobold demonologists
  A troll (D:10)
  Grinder (D:5)
  Sigmund (D:3)
  A meliai zombie (D:10)
  A wyvern (D:10)
  9 yaks
  A basilisk (D:8)
  3 vampire mosquitoes (D:8)
  A floating eye (Gauntlet)
  3 water moccasins
  2 black bears
  6 orc warriors
  2 centaurs
  A necrophage (D:7)
  An ogre (D:5)
  A lemure (D:7)
  3 kobold brigands
  A bullfrog (D:5)
  A gnoll sergeant (D:9)
  3 scorpions (D:4)
  A water moccasin zombie (D:5)
  A wyvern skeleton (D:6)
  A wight (D:4)
  4 howler monkeys
  An electric eel (D:6)
  A crimson imp (D:5)
  5 hounds
  4 centaur zombies
  A jelly (D:7)
  A human zombie (D:4)
  6 orc priests
  A bullfrog skeleton (D:6)
  A gnoll shaman (D:5)
  Terence (D:3)
  5 iguanas
  9 orc wizards
  A killer bee zombie (D:8)
  4 scorpion zombies (D:4)
  2 hound zombies
  3 mummies (D:4)
  A howler monkey zombie (D:7)
  11 gnolls
  A howler monkey skeleton (D:4)
  5 adders
  3 shadow imps
  2 white imps
  An ufetubus (D:6)
  An adder skeleton (D:5)
  3 adder zombies
  2 worms
  38 orcs
  3 bat zombies (D:4)
  6 endoplasms
  11 hobgoblins
  A quokka (D:3)
  4 ball pythons
  9 bats
  4 frilled lizards
  19 goblins
  38 kobolds
  2 rats (D:1)
  A rat zombie (D:4)
271 creatures vanquished.

Vanquished Creatures (others)
  An orc (D:9)
  40 plants
41 creatures vanquished.

Grand Total: 312 creatures vanquished

Notes
Turn   | Place    | Note
-------+----------+-------------------------------------------
     0 | D:1      | Grim the Minotaur Fighter began the quest for the Orb.
     0 | D:1      | Reached XP level 1. HP: 19/19 MP: 0/0
   174 | D:1      | Reached XP level 2. HP: 26/26 MP: 1/1
   485 | D:1      | Reached XP level 3. HP: 31/31 MP: 2/2
   951 | D:2      | Found a faded altar of an unknown god.
  1363 | D:2      | Reached skill level 5 in Maces & Flails
  1445 | D:3      | Noticed Sigmund
  1455 | D:3      | Reached XP level 4. HP: 30/39 MP: 3/3
  1465 | D:3      | Killed Sigmund
  1466 | D:3      | Reached XP level 5. HP: 9/45 MP: 4/4
  1719 | D:3      | Noticed Terence
  1734 | D:3      | Killed Terence
  1735 | D:3      | Reached XP level 6. HP: 38/51 MP: 5/5
  1874 | D:3      | Found a sparkling altar of Nemelex Xobeh.
  2278 | D:3      | Found a hazy altar of Hepliaklqana.
  2279 | D:3      | Found a faded altar of an unknown god.
  2639 | D:4      | Found a basalt altar of Yredelemnul.
  2878 | D:4      | Reached XP level 7. HP: 57/57 MP: 6/6
  3289 | D:4      | Reached skill level 10 in Maces & Flails
  3528 | D:4      | Found an ancient bone altar of Kikubaaqudgha.
  3859 | D:4      | Found a burning altar of Makhleb.
  4068 | D:4      | Found a snail-covered altar of Cheibriados.
  4395 | D:5      | Entered Level 5 of the Dungeon
  4503 | D:5      | Reached XP level 8. HP: 36/64 MP: 7/7
  4724 | D:5      | Got A Beginning Course on Wizardry
  4741 | D:5      | Noticed Grinder
  4747 | D:5      | Paralysed by Grinder for 5 turns
  4754 | D:5      | Killed Grinder
  4833 | D:5      | Identified the +7 dagger of Pystim {flame, Dex+3}
  5505 | D:6      | Reached XP level 9. HP: 62/71 MP: 8/8
  5621 | D:6      | Found a radiant altar of Vehumet.
  5637 | D:6      | Found a runed translucent door.
  5777 | D:6      | Reached skill level 1 in Invocations
  5820 | D:6      | Found a staircase to the Ecumenical Temple.
  5865 | D:6      | Found a large runed translucent door.
  5866 | D:6      | Found a large runed translucent door.
  5991 | Temple   | Entered the Ecumenical Temple
  6209 | Temple   | Became a worshipper of Zin the Law-Giver
  6209 | Temple   | Reached * piety under Zin
  6470 | D:6      | Found a sacrificial altar of Ru.
  6473 | D:6      | Found a glowing golden altar of the Shining One.
  6591 | D:6      | Reached skill level 5 in Fighting
  7136 | D:6      | Reached ** piety under Zin
  7477 | D:7      | Noticed Pikel
  7484 | D:7      | Killed Pikel
  7556 | D:7      | Found Boosuimo's Gadget Gallery.
  7698 | D:7      | Found an iron altar of Okawaru.
  7698 | D:7      | Found a shimmering altar of Xom.
  7827 | D:7      | Reached *** piety under Zin
  8290 | D:7      | You fall into a shaft and drop 3 floors!
  8290 | D:10     | Entered Level 10 of the Dungeon
  8346 | D:10     | Found a staircase to the Orcish Mines.
  8937 | D:8      | Reached XP level 10. HP: 91/91 MP: 12/12
  8975 | D:8      | Reached **** piety under Zin
  9403 | D:8      | Reached skill level 5 in Invocations
  9905 | D:8      | Noticed a smoke demon
  9907 | D:8      | Reached skill level 10 in Fighting
 10635 | D:9      | Noticed Maggie
 10646 | D:9      | Killed Maggie
 11090 | D:9      | Reached ***** piety under Zin
 11366 | D:9      | Noticed a two-headed ogre
 11375 | D:9      | Killed a two-headed ogre
 11580 | D:9      | Found a stormy altar of Qazlal.
 11603 | D:9      | Noticed a two-headed ogre
 11616 | D:9      | Killed a two-headed ogre
 11775 | D:9      | Found an opulent altar of Gozag.
 11909 | D:10     | Reached XP level 11. HP: 105/105 MP: 15/15
 12051 | D:10     | Found a staircase to the Lair.
 13391 | D:11     | Found a gate leading to a gauntlet.
 13404 | Gauntlet | Entered a Gauntlet
 13404 | Gauntlet | Noticed a wizard
 13404 | Gauntlet | Found a runed translucent door.
 13404 | Gauntlet | Found a transporter.
 13404 | Gauntlet | Found a runed translucent door.
 13404 | Gauntlet | Found a transporter.
 13406 | Gauntlet | Noticed a necromancer
 13413 | Gauntlet | Found a transporter.
 13417 | Gauntlet | Found a transporter.
 13419 | Gauntlet | Noticed a shining eye
 13425 | Gauntlet | Found a transporter.
 13425 | Gauntlet | Found the +3 pair of seven-league boots {Rampage+∞}
 13429 | Gauntlet | Found a transporter.
 13435 | Gauntlet | Noticed a ghost crab
 13437 | Gauntlet | Found a transporter.
 13450 | Gauntlet | Found a transporter.
 13451 | Gauntlet | Noticed a brown ugly thing
 13454 | Gauntlet | Noticed a great orb of eyes
 13468 | Gauntlet | Found a transporter.
 13472 | Gauntlet | Found a transporter.
 13473 | Gauntlet | Noticed a soul eater
 13480 | Gauntlet | Found a transporter.
 13484 | Gauntlet | Found a transporter.
 13679 | Gauntlet | Killed a wizard
 13740 | Gauntlet | Paralysed by a floating eye for 4 turns
 13748 | Gauntlet | Paralysed by a floating eye for 4 turns
 13754 | Gauntlet | Killed a shining eye
 13758 | Gauntlet | Paralysed by a floating eye for 4 turns
 13775 | Gauntlet | Identified the ring "Qauthrergh" {Fly rC++ Int+3}
 13800 | Gauntlet | Identified the +1 robe "Deub" {Rampage}
 13800 | Gauntlet | Noticed a minotaur
 13812 | Gauntlet | Slain by a minotaur

Illustrated notes

Levels and vault maps discovered:
D:1:      ncdulo_wetmaze, layout_rooms, chequers_avenue, serial_bayou_pond_c
D:2:      cheibrodos_greedy_goblins, layout_basic, ebering_ecumenical_altar_hall
D:3:      kennysheep_big_flooded_room, layout_basic,
          mainiacjoe_overflow_chevrons, beargit_hepliaklqana_dungeon_heroes,
          uniq_sigmund, uniq_terence
D:4:      layout_basic, cheibrodos_worm_habitat,
          lemuel_mausoleum_altar_yredelemnul, lemuel_zombie_altar_kikubaaqudgha,
          mainiacjoe_overflow_catwalk
D:5:      layout_rooms, minmay_fire_ice_demons, uniq_grinder
D:6:      layout_gridville, mainiacjoe_overflow_boulevard,
          jmf_multi_god_temple2, minmay_temple_entry_antechambers,
          minmay_crystal_water, lightli_church_of_beogh
D:7:      kennysheep_kobold_camp, layout_cave_pods,
          mainiacjoe_overflow_divided_tiny, nicolae_shop_gadgets, uniq_pikel
D:8:      layout_basic
D:9:      layout_small_grid, grunt_gozag_statues,
          nicolae_qazlal_general_emergency, nicolae_straight_to_the_point,
          uniq_maggie
D:10:     wander_river, layout_stronghold, lair_entry_dummy, orc_0_dummy
D:11:     minmay_the_grid_octo_tiled_octocenter
          [minmay_the_grid_octo_thin_diamonds, minmay_the_grid_octo_focus,
          minmay_the_grid_octo_odd_swirl, minmay_the_grid_octo_empty,
          minmay_the_grid_octo_prize_big_c, minmay_the_grid_square_5x5_inset,
          minmay_the_grid_square_5x5_bridge,
          minmay_the_grid_square_5x5_two_small, minmay_the_grid_square_5x5_v],
          layout_stronghold, nicolae_trove_entry_crossroad,
          gauntlet_entry_generic, nicolae_wu_jian_immortal_techniques
Temple:   jpeg_temple_island
Gauntlet: minmay_gauntlet_77_indecision [minmay_gauntlet_arena_77_cramped,
          minmay_gauntlet_arena_77_chump_sandwich,
          minmay_gauntlet_arena_77_mess,
          minmay_gauntlet_arena_77_terracotta_army,
          minmay_gauntlet_arena_77_p_blocks,
          minmay_gauntlet_arena_77_radiant_squares,
          nicolae_gauntlet_exit_dead_adventurers]

Skill      XL: |  1  2  3  4  5  6  7  8  9 10 11 |
---------------+----------------------------------+-----
Maces & Flails | 3 4 5 7 9 11 14 | 14.0
Fighting       | 9 12 14 | 14.0
Invocations    | 4 7 8 |  8.1
Armour         | |  3.6
Shields        | |  3.6

Action                   |  1- 3 |  4- 6 |  7- 9 | 10-12 || total
-------------------------+-------+-------+-------+-------++-------
Melee: Flail             |    97 |   109 |   370 |    94 ||   670
       Headbutt          |    14 |    24 |    59 |    54 ||   151
       Morningstar       |       |       |       |   138 ||   138
Invok: Recite            |       |       |     1 |     6 ||     7
  Use: Potion            |     1 |       |     4 |     3 ||     8
       Scroll            |       |       |       |     9 ||     9
 Stab: Invisible         |       |       |       |     3 ||     3
Armor: Scale mail        |    49 |    20 |       |       ||    69
       Chain mail        |       |    26 |   161 |    11 ||   198
       Plate armour      |       |       |       |   133 ||   133
Dodge: Dodged            |    41 |    25 |    97 |    55 ||   218
Block: Buckler           |    29 |    15 |    62 |    53 ||   159

Table legend: (Time is in decaauts)
 A = Elapsed time spent in this place.
 B = Non-inter-level travel time spent in this place.
 C = Inter-level travel time spent in this place.
 D = Time resting spent in this place.
 E = Time spent auto-exploring this place.
 F = Levels seen in this place.
 G = Mean time per level.
                   A        B        C        D        E       F      G
               +--------+--------+--------+--------+--------+-----+--------+
         Total |  13787 |  13415 |    372 |   3407 |   7714 |  13 | 1060.5 |
       Dungeon |  13111 |  12752 |    359 |   3407 |   7480 |  11 | 1191.9 |
        Temple |    273 |    260 |     13 |      0 |    233 |   1 |  273.0 |
      Gauntlet |    403 |    403 |      0 |      0 |      0 |   1 |  403.0 |
               +--------+--------+--------+--------+--------+-----+--------+

Top non-repeatable levels by time:
     D:4: 1856 daAuts
     D:8: 1668 daAuts
     D:6: 1601 daAuts
     D:9: 1455 daAuts
     D:7: 1344 daAuts
    D:10: 1298 daAuts
     D:3: 1154 daAuts
     D:5: 1003 daAuts
     D:1: 792 daAuts
     D:2: 632 daAuts
Gauntlet: 403 daAuts
    D:11: 303 daAuts
  Temple: 273 daAuts
